 Dungeon Crawl Stone Soup version 0.31-a0-177-g4aa6249778 (webtiles) character file.

Game seed: 11751356064974484949

322 gelatine the Chopper (level 6, -1/48 HPs)
             Began as a Demonspawn Fighter on June 18, 2023.
             Slain by an ogre
             ... wielding a +0 giant spiked club
              (23 damage)
             ... on level 5 of the Dungeon.
             The game lasted 00:05:18 (2323 turns).

gelatine the Chopper (Demonspawn Fighter)           Turns: 2323, Time: 00:05:19

Health: -1/48      AC:  8    Str: 18    XL:     6   Next: 22%
Magic:  6/6        EV:  9    Int:  9    God:
Gold:   115        SH:  4    Dex: 13    Spells: 5/5 levels left

rFire   . . .        a - +0 war axe
rCold   . . .        c - +0 buckler
rNeg    . . .        b - +0 scale mail
rPois   .            (no helmet)
rElec   .            (no cloak)
rCorr   .            (no gloves)
SInv    .            n - +0 pair of boots
Will    .....        (no amulet) Stlth
                     (no ring)
HPRegen 0.28/turn    (no ring)
MPRegen 0.10/turn

%: no passive effects
@: no status effects
A: hooves 1, powered by death 1, spiny 1
a: no special abilities


You were on level 5 of the Dungeon.
You visited 1 branch of the dungeon, and saw 5 of its levels.

You collected 115 gold pieces.

Inventory:

Hand Weapons
 a - a +0 war axe (weapon)
Missiles
 f - a throwing net
 k - 6 boomerangs (quivered)
Armour
 b - a +0 scale mail (worn)
 c - a +0 buckler (worn)
 n - a +0 pair of boots (worn)
Wands
 p - a wand of flame (15)
Scrolls
 e - a scroll of blinking
 h - a scroll of fog {unknown}
 l - a scroll of amnesia {unknown}
 m - 2 scrolls of enchant armour {unknown}
 r - a scroll of poison {unknown}
 s - a scroll of immolation {unknown}
Potions
 d - a potion of might
 i - a potion of lignification
 j - 3 potions of heal wounds
 o - 2 potions of attraction {unknown}
 q - a potion of degeneration {unknown}
 t - a potion of curing {unknown}


   Skills:
 * Level 3.7 Fighting
 * Level 4.3 Axes
 + Level 0.1 Throwing
 * Level 3.5 Armour
 * Level 1.6 Dodging
 * Level 3.2 Shields


You had 5 spell levels left.
You didn't know any spells.
Your spell library contained the following spells:

 Spells                   Type           Power      Damage    Failure   Level
 Beastly Appendage        Tmut           0%         N/A       85%         1
 Wereblood                Tmut           0%         N/A       94%         2
 Ignite Poison            Fire/Tmut/Pois 0%         N/A       99%         3
 Spider Form              Tmut/Pois      0%         N/A       99%         3
 Sticky Flame             Conj/Fire      0%         2d3       100%        4
 Ignition                 Fire           0%         3d3       100%        8


Dungeon Overview and Level Annotations

Branches:
Dungeon (4/15)
 Temple: D:4-7

Altars:
Ashenzari
Okawaru
Ru
Trog
Xom


Innate Abilities, Weirdness & Mutations

You have large cloven feet.
You regenerate a little health from kills.
You are partially covered in sharp spines.


Message History

The adder bites you but does no damage. The adder is struck by your spines.
The adder barely misses you.
You closely miss the adder.
The adder is moderately wounded.
You feel sick. You block the adder's attack.
You closely miss the adder.
The adder is moderately wounded.
You feel sick. The adder is struck by your spines.
The adder bites you but does no damage. You block the adder's attack.
You closely miss the adder.
The adder is almost dead.
You feel sick. The adder is struck by your spines.
You kill the adder!
You feel sick.
You are no longer poisoned.
You see here an adder corpse.
A hound is nearby!
You hear the slow hiss of a very distant avalanche of sand.
You closely miss the hound. The hound is struck by your spines.
The hound bites you but does no damage. The hound bites you.
You closely miss the hound.
The hound is lightly wounded.
The hound is struck by your spines.
The hound bites you but does no damage. x2
You closely miss the hound.
The hound is moderately wounded.
The hound is struck by your spines. The hound barely misses you. x2
You slash the hound!
You kill the hound!
An ogre comes into view. It is wielding a +0 giant spiked club.
Found a bloodstained altar of Trog.
The ogre moves out of view.
You see here a hound corpse.
An ogre is nearby!
You hit the ogre.
The ogre is lightly wounded.
The ogre hits you with a +0 giant spiked club!!
Ouch! That really hurt!
You slash the ogre!
The ogre is heavily wounded.
The ogre hits you with a +0 giant spiked club!!
You die...

#.# #.# #.#
#†# #.# ####
#.# _... #.#
####..######.#
......O@†....#
##############


You could see an ogre.

Vanquished Creatures
  A phantom (D:4)
  A hound (D:5)
  A sleepcap (D:4)
  2 iguanas (D:4)
  An orc wizard (D:3)
  2 adders
  2 worms (D:2)
  A dart slug (D:2)
  4 orcs
  5 ball pythons
  5 endoplasms
  4 giant cockroaches
  10 goblins
  6 hobgoblins
  6 jackals (D:1)
  6 quokkas
  4 bats
  6 frilled lizards
  5 kobolds
  7 rats
79 creatures vanquished.

Notes
Turn   | Place    | Note
-------+----------+-------------------------------------------
     0 | D:1      | gelatine the Demonspawn Fighter began the quest for the
                  | Orb.
     0 | D:1      | Reached XP level 1. HP: 18/18 MP: 1/1
   166 | D:1      | Gained mutation: You are partially covered in sharp spines.
                  | [demonic ancestry]
   166 | D:1      | Reached XP level 2. HP: 24/24 MP: 2/2
   229 | D:1      | Reached skill level 2 in Axes
   386 | D:1      | Reached XP level 3. HP: 26/29 MP: 3/3
  1138 | D:2      | Reached skill level 1 in Dodging
  1383 | D:3      | Gained mutation: You regenerate a little health from kills.
                  | [demonic ancestry]
  1383 | D:3      | Reached XP level 4. HP: 23/35 MP: 4/4
  1387 | D:3      | Reached skill level 3 in Axes
  1519 | D:3      | Found a broken altar of Ashenzari.
  1524 | D:3      | Found a sacrificial altar of Ru.
  1526 | D:3      | Found an iron altar of Okawaru.
  1575 | D:3      | Found a faded altar of an unknown god.
  1646 | D:3      | Found a shimmering altar of Xom.
  1783 | D:3      | Identified the +0 plate armour "Oder" {rF- Will+ Dex+6
                  | Stlth+}
  1993 | D:4      | Gained mutation: You have large cloven feet. [demonic
                  | ancestry]
  1993 | D:4      | Reached XP level 5. HP: 36/41 MP: 5/5
  2050 | D:4      | Identified the +1 robe of the Bulwark {Str+4 Int+4}
  2222 | D:4      | Noticed a phantom
  2234 | D:4      | Killed a phantom
  2235 | D:4      | Reached skill level 4 in Axes
  2235 | D:4      | Reached XP level 6. HP: 41/48 MP: 6/6
  2265 | D:4      | You fall into a shaft and drop 1 floor!
  2265 | D:5      | Entered Level 5 of the Dungeon
  2319 | D:5      | Found a bloodstained altar of Trog.
  2323 | D:5      | Slain by an ogre

Illustrated notes

Levels and vault maps discovered:
D:1:      lightli_arrival_chessboard, layout_basic
D:2:      layout_loops_cross
D:3:      layout_rooms, grunt_temple_overflow_open,
          shapermc_ecumenical_altar_flowoftime, serial_corexii_hall,
          corexii_hall_statues_t, chequers_hall_statues_y,
          corexii_hall_statues_t, eino_tiny_chamber,
          chequers_serial_rivers_large_a, minmay_surrounded
D:4:      layout_loops_ring
D:5:      layout_loops_ring, overflow_temple_1_default,
          nicolae_ossuary_entry_giza, minmay_manual_mullet

Skill      XL: |  1  2  3  4  5 |
---------------+----------------+-----
Axes           | 2 3 4 |  4.3
Armour         | 3 |  3.5
Dodging        | 1 |  1.6
Shields        | 3 |  3.2
Fighting       | |  3.7
Throwing       | |  0.1

Action                     |  1- 3 |  4- 6 || total
---------------------------+-------+-------++-------
  Melee: War axe           |   105 |    92 ||   197
  Throw: Boomerang         |       |     4 ||     4
    Use: Scroll            |       |     3 ||     3
         Potion            |       |     1 ||     1
 Armour: Scale mail        |    43 |    29 ||    72
  Dodge: Dodged            |    53 |    26 ||    79
  Block: Buckler           |    33 |    12 ||    45

Table legend: (Time is in decaauts)
 A = Elapsed time spent in this place.
 B = Non-inter-level travel time spent in this place.
 C = Inter-level travel time spent in this place.
 D = Time resting spent in this place.
 E = Time spent auto-exploring this place.
 F = Levels seen in this place.
 G = Mean time per level.
                   A        B        C        D        E       F      G
               +--------+--------+--------+--------+--------+-----+--------+
         Total |   2410 |   2392 |     18 |      5 |   1726 |   5 |  482.0 |
       Dungeon |   2410 |   2392 |     18 |      5 |   1726 |   5 |  482.0 |
               +--------+--------+--------+--------+--------+-----+--------+

Top non-repeatable levels by time:
     D:2: 738 daAuts
     D:1: 675 daAuts
     D:3: 587 daAuts
     D:4: 348 daAuts
     D:5: 60 daAuts
